 Dungeon Crawl Stone Soup version 0.25-a0-804-g50c693f (webtiles) character file.

Game seed: 3807999814859366653, levelgen mode: deterministic

27 CougarLife the Covered (level 3, -16/23 HPs)
             Began as a Tengu Fighter on Apr 20, 2020.
             Demolished by an ogre
             ... wielding a +0 giant club
              (26 damage)
             ... on level 2 of the Dungeon.
             The game lasted 00:02:14 (1433 turns).

CougarLife the Covered (Tengu Fighter)              Turns: 1433, Time: 00:02:14

Health: -16/23     AC:  6    Str: 17    XL:     3   Next: 10%
Magic:  4/4        EV:  8    Int:  8    God:
Gold:   33         SH:  9    Dex: 13    Spells: 2/2 levels left

rFire    . . .     SeeInvis .   a - +0 war axe
rCold    . . .     Gourm    .   c - +0 kite shield
rNeg     . . .     Faith    .   b - +0 scale mail
rPois    .         Spirit   .   (helmet restricted)
rElec    .         Reflect  .   (no cloak)
rCorr    .         Harm     .   (no gloves)
MR       .....                  (boots unavailable)
Stlth    ..........             (no amulet)
HPRegen  0.07/turn              (no ring)
MPRegen  0.09/turn              (no ring)

@: mighty
A: beak, talons 3
a: no special abilities


You were on level 2 of the Dungeon.
You were not hungry.

You visited 1 branch of the dungeon, and saw 2 of its levels.

You collected 33 gold pieces.

Inventory:

Hand Weapons
 a - a +0 war axe (weapon)
Armour
 b - a +0 scale mail (worn)
 c - a +0 kite shield (worn)
 p - a +1 scale mail of magic resistance
Scrolls
 e - 4 scrolls of remove curse {unknown}
 g - a scroll of blinking {unknown}
 i - 3 scrolls of identify {unknown}
 j - a scroll of teleportation {unknown}
Potions
 d - a potion of might
 h - 2 potions of mutation {unknown}
 k - a potion of flight {unknown}
 l - 2 potions of curing {unknown}
 n - a potion of heal wounds {unknown}
 o - a potion of haste {unknown}
Comestibles
 f - 3 rations
 m - 2 chunks of flesh


   Skills:
 - Level 3.0 Fighting
 - Level 2.1 Axes
 - Level 3.2 Armour
 + Level 2.9 Dodging
 - Level 3.0 Shields


You had 2 spell levels left.
You didn't know any spells.
Your spell library was empty.

Dungeon Overview and Level Annotations

Branches:
Dungeon (2/15)

Altars:


Innate Abilities, Weirdness & Mutations

You have a beak for a mouth.
You have claws for feet.


Message History

You kill the giant cockroach!
No target in view!
You see here a runed scale mail.
p - a runed scale mail
Found a stone staircase leading down.
There is a stone staircase leading down here.
An ogre comes into view. It is wielding a +0 giant club.
Found 25 stones.
An ogre is nearby!
Found 16 stones.
You block the ogre's attack.
You hit the ogre but do no damage. You claw the ogre, but do no damage.
Your peck misses the ogre. The ogre hits you with a +0 giant club!
Ouch! That really hurt!
You are too injured to fight recklessly!
You are too injured to fight recklessly!
You feel very mighty all of a sudden.
The ogre hits you with a +0 giant club!!
Ouch! That really hurt!
You die...

#####.######
#.......(...
#........... #.........#
#.?.......##
#......(....
#.##O.....##
#.##@......#
#############.##.....##.
.............>..........
.....#########...######.
.....# #.%.#
.....#########...##
...................
.....#########...###
.....# #...#


You could see an ogre.

Vanquished Creatures
  A dart slug (D:1)
  2 giant cockroaches
  5 goblins
  5 hobgoblins
  4 kobolds
  2 frilled lizards (D:1)
  4 rats (D:1)
23 creatures vanquished.

Notes
Turn   | Place    | Note
-------+----------+-------------------------------------------
     0 | D:1      | CougarLife the Tengu Fighter began the quest for the Orb.
     0 | D:1      | Reached XP level 1. HP: 14/14 MP: 2/2
    66 | D:1      | Reached skill level 1 in Dodging
    96 | D:1      | Reached XP level 2. HP: 12/19 MP: 3/3
  1318 | D:2      | Reached XP level 3. HP: 23/23 MP: 4/4
  1428 | D:2      | Noticed an ogre
  1433 | D:2      | Demolished by an ogre

Levels and vault maps discovered:
D:1:      dpeg_arrival_connections, layout_rooms
D:2:      layout_basic, nicolae_overflow_hidden_temple, uniq_natasha

Skill      XL: |  1  2 |
---------------+-------+-----
Dodging        | 1 2 |  2.9
Fighting       | |  3.0
Axes           | |  2.1
Armour         | |  3.2
Shields        | |  3.0

Action                   || total
-------------------------++-------
Melee: War axe           ||    50
       Kick              ||    10
       Peck              ||     5
  Use: Potion            ||     1
  Eat: Chunk             ||     2
Armor: Scale mail        ||    14
Dodge: Dodged            ||    17
Block: Kite shield       ||    21

Table legend:
 A = Non-vault XP
 B = Vault XP
 C = Vault XP percentage of total XP
 D = Non-vault monster count
 E = Vault monster count
 F = Vault count percentage of total count
                 A         B        C        D         E       F
            +---------+---------+-------+---------+---------+-------
      Total |      39 |       0 |   0.0 |      23 |       0 |   0.0
            +---------+---------+-------+---------+---------+-------
        D:1 |      29 |       0 |   0.0 |      17 |       0 |   0.0
        D:2 |      10 |       0 |   0.0 |       6 |       0 |   0.0
            +---------+---------+-------+---------+---------+-------
